 Dungeon Sprint DCSS version 0.19-a0-916-g8ae7e35 (webtiles) character file.

7738 LORDOFBUTT the Bludgeoner (level 11, -2/178 HPs)
             Began as a Minotaur Berserker on July 6, 2016.
             Was the Champion of Trog.
             Slain by an orc knight
             ... wielding a +0 broad axe
              (15 damage)
             ... in the Dungeon (Sprint IX: "|||||||||||||||||||||||||||||").
             The game lasted 00:03:17 (1079 turns).

LORDOFBUTT the Bludgeoner (Minotaur Berserker)      Turns: 1079, Time: 00:03:17

Health: -2/178     AC: 10    Str: 28    XL:     11   Next: 0%
Magic:  3/3        EV: 16    Int: 10    God:    Trog [******]
Gold:   660        SH:  0    Dex: 12    Spells: 0 memorised, 10 levels left

rFire  . . .     SeeInvis .     b - +2 eveningstar (antimagic)
rCold  . . .     Gourm    .     o - +1 scale mail
rNeg   . . .     Faith    .     (no shield)
rPois  .         Spirit   .     (helmet restricted)
rElec  .         Dismiss  .     D - +0 cloak
rCorr  .         Reflect  .     (no gloves)
SustAt .         Harm     .     p - +0 pair of boots
MR     .....     NoTele   +     (no amulet)
Stlth  ..........               n - +3 ring of intelligence
                                a - +3 ring of intelligence

@: berserking (expiring), very quick, not resistant to hostile enchantments,
extremely unstealthy
A: retaliatory headbutt, horns 2
a: Berserk, Trog's Hand, Brothers in Arms, Burn Spellbooks, Renounce Religion


You were in the Dungeon.
You worshipped Trog.
Trog was exalted by your worship.
You were not hungry.

You visited 1 branch You collected 660 gold pieces.

Inventory:

Hand Weapons
 b - a +2 antimagic eveningstar (weapon)
 m - a +2 dire flail of protection
Missiles
 q - 7 poisoned javelins (quivered)
Armour
 o - a +1 scale mail (worn)
 p - a +0 pair of boots (worn)
 D - a +0 cloak (worn)
Jewellery
 a - a +3 ring of intelligence (left hand)
 n - a +3 ring of intelligence (right hand)
 t - an uncursed ring of magical power
Wands
 l - a wand of acid (7/15)
 A - a wand of polymorph (6/24)
Scrolls
 i - 3 scrolls of blinking
 k - 4 scrolls of remove curse
 v - 3 scrolls of fear
 w - 2 scrolls of enchant weapon
 x - 2 scrolls of enchant armour
Potions
 d - 6 potions of curing
 e - 5 potions of heal wounds
 f - a potion of haste
 g - 4 potions of magic
 h - a potion of berserk rage
 j - a potion of invisibility
 r - a potion of resistance
 s - 2 potions of brilliance
Books
 u - a book of Geomancy

   Spells                             Type                      Level
   a - Sandblast                      Earth                        1
   b - Passwall                       Transmutation/Earth          2
   c - Stone Arrow                    Conjuration/Earth            3
   d - Petrify                        Transmutation/Earth          4
   e - Lee's Rapid Deconstruction     Earth                        5
   Trog disapproves of the use of such an item.
Comestibles
 c - 40 fruits
 B - 12 bread rations
 C - 12 meat rations


   Skills:
 + Level 18.2 Fighting
 + Level 20.5 Maces & Flails
 + Level 2.6 Throwing
 - Level 3.4 Armour
 + Level 10.9 Dodging


You had 10 spell levels left.
You didn't know any spells.

Dungeon Overview and Level Annotations

Branches:
Dungeon (1/1)

Altars:
Cheibriados
Dithmenos
Elyvilon
Fedhas
Gozag
Hepliaklqana
Kikubaaqudgha
Makhleb
Nemelex Xobeh
Okawaru
Pakellas
Qazlal
Ru
Sif Muna
Trog
Uskayaw
Vehumet
Xom
Yredelemnul
Zin
The Shining One
Beogh
Jiyva
Lugonu


Innate Abilities, Weirdness & Mutations

You reflexively headbutt those who attack you in melee.
You have a pair of horns on your head.


Message History

You hit the orc knight. Your headbutt misses the orc knight.
The orc knight is moderately wounded.
An orc warrior comes into view. It is wielding a battleaxe of chopping.
The orc warrior shouts!
You hit the orc knight. Your headbutt misses the orc knight.
The orc knight is moderately wounded.
The orc knight hits you with a broad axe!
* * * LOW HITPOINT WARNING * * *
You completely miss the orc knight. You headbutt the orc knight.
The orc knight is moderately wounded.
The orc warrior barely misses you.
You puncture the orc knight!
You headbutt the orc knight, but do no damage.
The orc knight is heavily wounded.
You skewer the orc knight like a kebab!!!
The orc knight is almost dead.
The orc knight roars a battlecry!
The orc warriors go into a battle-frenzy!
The orc knight hits you with a broad axe!
You die...

▓_▓.▓.▓.▓
▓_▓.▓.▓.▓.▓
▓_▓.▓.▓.▓.▓
▓_▓.▓†▓.▓o▓
▓_▓.▓)▓.▓$▓
▓_▓.▓†▓.▓$▓
▓_▓.▓.▓.▓o▓
▓_▓.▓.▓.▓o▓
▓_▓.▓.▓.▓@▓
▓_▓.▓.▓.▓)▓
▓_▓.▓.▓.▓)▓
▓_▓.▓.▓.▓.▓
▓_▓.▓.▓.▓.▓
▓_▓.▓.▓.▓.▓
▓_▓.▓.▓.▓.▓
▓_▓.▓†▓.▓.▓
▓_▓.▓.▓.▓†▓


You could see an orc knight and 2 orc warriors.

Vanquished Creatures
  2 hill giants (D)
  3 orc knights (D)
  An orc sorcerer (D)
  2 black mambas (D)
  A spiny frog (D)
  A rime drake (D)
  4 polar bears (D)
  A slime creature (D)
  3 yaks (D)
  2 hippogriffs (D)
  2 water moccasins (D)
  2 porcupines (D)
  5 black bears (D)
  An ice beast (D)
  6 orc warriors (D)
  A centaur (D)
  2 crocodiles (D)
  2 giant frogs (D)
  A killer bee (D)
  4 orc priests (D)
  5 orc wizards (D)
  2 iguanas (D)
  An adder (D)
  A gnoll (D)
  A shadow imp (D)
  An adder skeleton (D)
  5 orcs (D)
  2 giant cockroaches (D)
  A goblin (D)
  A hobgoblin (D)
  A quokka (D)
  A ball python skeleton (D)
  A rat (D)
69 creatures vanquished.

Notes
Turn   | Place    | Note
-------+----------+-------------------------------------------
     0 | D        | LORDOFBUTT the Minotaur Berserker began the quest for the Orb.
     0 | D        | Reached XP level 1. HP: 19/19 MP: 0/0
     4 | D        | Reached skill level 4 in Maces & Flails
     7 | D        | Reached ** piety under Trog
    18 | D        | Noticed an orc wizard
    22 | D        | Reached *** piety under Trog
    22 | D        | Reached skill level 5 in Fighting
    22 | D        | Reached skill level 5 in Maces & Flails
    22 | D        | Reached XP level 2. HP: 29/29 MP: 1/1
    26 | D        | Reached skill level 6 in Maces & Flails
    29 | D        | Reached **** piety under Trog
    29 | D        | Reached XP level 3. HP: 30/38 MP: 2/2
   161 | D        | Found a glowing silver altar of Zin.
   161 | D        | Found a glowing golden altar of the Shining One.
   161 | D        | Found an ancient bone altar of Kikubaaqudgha.
   161 | D        | Found a basalt altar of Yredelemnul.
   161 | D        | Found a shimmering altar of Xom.
   161 | D        | Found a radiant altar of Vehumet.
   162 | D        | Found an iron altar of Okawaru.
   163 | D        | Found a burning altar of Makhleb.
   164 | D        | Found a deep blue altar of Sif Muna.
   165 | D        | Found a bloodstained altar of Trog.
   166 | D        | Found a sparkling altar of Nemelex Xobeh.
   167 | D        | Found a white marble altar of Elyvilon.
   168 | D        | Found a roughly hewn altar of Beogh.
   169 | D        | Found a viscous altar of Jiyva.
   170 | D        | Found a corrupted altar of Lugonu.
   171 | D        | Found a blossoming altar of Fedhas.
   172 | D        | Found a snail-covered altar of Cheibriados.
   173 | D        | Found a shadowy altar of Dithmenos.
   174 | D        | Found a stormy altar of Qazlal.
   175 | D        | Found an opulent altar of Gozag.
   176 | D        | Found a sacrificial altar of Ru.
   177 | D        | Found an oddly glowing altar of Pakellas.
   178 | D        | Found a hide-covered altar of Uskayaw.
   179 | D        | Found a hazy altar of Hepliaklqana.
   235 | D        | Noticed a hippogriff
   235 | D        | Noticed a black bear
   235 | D        | Noticed a hill giant
   241 | D        | Reached skill level 7 in Maces & Flails
   241 | D        | Reached XP level 4. HP: 45/45 MP: 3/3
   246 | D        | Killed a hill giant
   246 | D        | Reached skill level 12 in Maces & Flails
   246 | D        | Reached XP level 5. HP: 61/61 MP: 4/4
   246 | D        | Reached XP level 6. HP: 68/68 MP: 5/5
   246 | D        | Reached XP level 7. HP: 74/74 MP: 6/6
   247 | D        | Received a gift from Trog
   249 | D        | Killed a hippogriff
   249 | D        | Reached ***** piety under Trog
   249 | D        | Reached skill level 13 in Maces & Flails
   287 | D        | Noticed a slime creature
   287 | D        | Noticed a hill giant
   297 | D        | Killed a hill giant
   297 | D        | Reached skill level 14 in Maces & Flails
   297 | D        | Reached XP level 8. HP: 86/86 MP: 7/7
   300 | D        | Killed a slime creature
   300 | D        | Reached skill level 15 in Maces & Flails
   300 | D        | Reached skill level 1 in Throwing
   312 | D        | Received a gift from Trog
   563 | D        | Noticed a black mamba
   564 | D        | Reached skill level 16 in Maces & Flails
   564 | D        | Reached XP level 9. HP: 96/96 MP: 8/8
   578 | D        | Received a gift from Trog
   584 | D        | Killed a black mamba
   584 | D        | Reached skill level 15 in Fighting
   584 | D        | Reached skill level 17 in Maces & Flails
   634 | D        | Noticed a spiny frog
   634 | D        | Noticed a black mamba
   640 | D        | Killed a black mamba
   645 | D        | Reached ****** piety under Trog
   649 | D        | Killed a spiny frog
   649 | D        | Reached skill level 18 in Maces & Flails
   651 | D        | Noticed a rime drake
   652 | D        | Received a gift from Trog
   655 | D        | Reached skill level 10 in Dodging
   655 | D        | Reached XP level 10. HP: 107/107 MP: 9/9
   824 | D        | Reached skill level 19 in Maces & Flails
   827 | D        | Received a gift from Trog
   981 | D        | Received a gift from Trog
   999 | D        | Received a gift from Trog
  1039 | D        | Noticed an orc knight
  1039 | D        | Noticed an orc knight
  1039 | D        | Noticed an orc knight
  1042 | D        | Killed an orc knight
  1043 | D        | Noticed an orc sorcerer
  1049 | D        | Noticed a rust devil
  1056 | D        | Killed an orc knight
  1056 | D        | Reached skill level 20 in Maces & Flails
  1060 | D        | Noticed an orc knight
  1061 | D        | Killed an orc knight
  1063 | D        | Killed an orc sorcerer
  1063 | D        | Received a gift from Trog
  1070 | D        | Reached XP level 11. HP: 33/119 MP: 3/10
  1079 | D        | Slain by an orc knight

Vault maps used:
D:        linesprint

Skill      XL: |  1  2  3  4  5  6  7  8  9 10 |
---------------+-------------------------------+-----
Maces & Flails | 5 6 7 12 14 16 18 20 | 20.5
Fighting       | 5 6 11 13 14 16 18 | 18.2
Armour         | 3 |  3.4
Dodging        | 3 6 7 8 10 | 10.9
Throwing       | 1 2 |  2.6

Action                   |  1- 3 |  4- 6 |  7- 9 | 10-12 || total
-------------------------+-------+-------+-------+-------++-------
Melee: Mace              |    18 |       |       |       ||    18
       Headbutt          |     2 |     3 |    22 |    15 ||    42
       Dire flail        |     4 |     5 |    70 |    46 ||   125
       Eveningstar       |       |       |       |    37 ||    37
Throw: Javelin           |       |       |     2 |       ||     2
Invok: Berserk           |     2 |       |     3 |     2 ||     7
  Eat: Chunk             |       |       |     3 |     2 ||     5
       Bread ration      |       |       |       |     1 ||     1
Armor: Animal skin       |     4 |       |       |       ||     4
       Scale mail        |     2 |       |    10 |    11 ||    23
Dodge: Dodged            |     7 |       |    18 |    28 ||    53
